 Dungeon Crawl Stone Soup version 0.25-a0-782-g655279c (webtiles) character file.

Game seed: 15377641070473623056, levelgen mode: deterministic

192 BlueFish the Magician (level 5, 0/36 HPs)
             Began as a Mummy Wizard on Apr 16, 2020.
             Slain by a ball python (2 damage)
             ... in a sewer.
             The game lasted 00:08:42 (4175 turns).

BlueFish the Magician (Mummy Wizard)                Turns: 4175, Time: 00:08:43

Health: 0/36       AC:  2    Str: 16    XL:     5   Next: 42%
Magic:  1/13       EV: 12    Int: 18    God:
Gold:   147        SH:  0    Dex: 11    Spells: 5/15 levels left

rFire    x . .     SeeInvis .   d - +1 spear
rCold    + . .     Gourm    .   (no shield)
rNeg     + + +     Faith    .   a - +0 robe
rPois    ∞         Spirit   .   b - +0 hat
rElec    .         Reflect  .   (no cloak)
rCorr    .         Harm     .   (no gloves)
MR       .....                  (no boots)
Stlth    +.........             (no amulet)
HPRegen  0.12/turn              i - +6 ring of strength (curse)
MPRegen  0.13/turn              (no ring)

@: very slightly contaminated, very slow
A: no food or potions, fire vulnerability, cold resistance 1, negative energy
resistance 3, torment resistance, unbreathing
a: no special abilities


You were in a sewer.
You were not hungry.

You visited 1 branch of the dungeon, and saw 3 of its levels.
You also visited: Sewer.

You collected 147 gold pieces.

Inventory:

Hand Weapons
 c - a +0 dagger
 d - a +1 spear (weapon)
Armour
 a - a +0 robe (worn)
 b - a +0 hat (worn)
Jewellery
 i - a cursed +6 ring of strength (left hand)
Scrolls
 f - 2 scrolls of remove curse
 h - a scroll of enchant armour
 j - a scroll of magic mapping {unknown}
 k - a scroll of amnesia {unknown}


   Skills:
 + Level 0.4 Fighting
 + Level 0.9 Short Blades
 + Level 1.0 Polearms
 + Level 2.2 Dodging
 + Level 2.1 Stealth
 + Level 5.5 Spellcasting
 + Level 1.6 Conjurations
 + Level 1.0 Summonings
 + Level 1.0 Translocations
 + Level 0.2 Air Magic
 + Level 0.1 Poison Magic


You had 5 spell levels left.
You knew the following spells:

 Your Spells              Type           Power        Failure   Level  Hunger
a - Magic Dart            Conj           ##..         6%          1    N/A
b - Blink                 Tloc           N/A          13%         2    N/A
c - Call Imp              Summ           #.......     12%         2    N/A
d - Slow                  Hex            #.......     19%         2    N/A
e - Mephitic Cloud        Conj/Pois/Air  #.......     28%         3    N/A

Your spell library contained the following spells:

 Spells                   Type           Power        Failure   Level  Hunger
 Conjure Flame            Conj/Fire      #.......     26%         3    N/A

Dungeon Overview and Level Annotations

Branches:
Dungeon (3/15)              Sewer (1/1)

Altars:

Annotations:
D:3 Natasha


Innate Abilities, Weirdness & Mutations

You do not eat or drink.
Your flesh is vulnerable to fire.
You are immune to poison.
Your flesh is cold resistant. (rC+)
You are immune to negative energy. (rN+++)
You are immune to unholy pain and torment.
You can survive without breathing.


Message History

Aiming: Magic Dart (safe; 6% risk of failure)
Press: ? - help, Shift-Dir - straight line, f/p - adder
Aim: an adder (almost dead)
The magic dart hits the adder.
You kill the adder!
The ball python bites you but does no damage.
* * * LOW HITPOINT WARNING * * *
The ball python constricts you. The ball python bites you.
* * * LOW HITPOINT WARNING * * *
Okay, then.
You can't drink.
Evoke which item? (* to show all) (? for menu, Esc to quit)
Okay, then.
You escape the ball python's grasp.
The ball python closely misses you. The ball python barely misses you.
The ball python misses you. The ball python grabs you.
* * * LOW HITPOINT WARNING * * *
The ball python constricts you. The ball python closely misses you.
You escape the ball python's grasp.
The ball python bites you.
You die...

###.∩.###
###≈≈≈.≈≈≈###
##≈≈≈≈≈≈.≈≈≈≈##
##.≈≈≈≈≈≈≈.≈≈≈.##
##≈≈≈.≈#####..≈≈≈#
#≈≈†≈###≈.≈###≈≈.#
#≈.≈##≈≈≈≈≈.≈##≈≈##
##≈≈##≈≈≈≈≈≈≈≈≈##†.##
#.≈≈#.≈S@≈≈≈≈≈≈≈≈≈.≈#
#..##≈≈S#######≈≈≈≈≈#
##≈≈#≈.≈##
###≈####### #††≈#.≈##
###≈.≈≈≈# #††##≈†#
#.≈≈..# #≈≈#≈≈##
#≈≈≈≈.# #≈≈#.≈
#≈.#≈≈# #≈≈#≈≈
#≈.#.≈# #≈≈#≈.
##≈#≈.#


You could see 2 ball pythons.

Vanquished Creatures
  Jessica (D:3)
  3 adders
  5 oozes (Sewer)
  A worm (D:2)
  4 dart slugs (D:1)
  8 leopard geckos
  2 orcs
  7 ball pythons
  4 bats
  10 giant cockroaches
  6 goblins
  8 hobgoblins
  2 kobolds
  A quokka (D:2)
  10 frilled lizards
  8 rats
80 creatures vanquished.

Vanquished Creatures (collateral kills)
  An adder (Sewer)
  An ooze (Sewer)
  4 leopard geckos (Sewer)
  2 giant cockroaches (Sewer)
8 creatures vanquished.

Grand Total: 88 creatures vanquished

Notes
Turn   | Place    | Note
-------+----------+-------------------------------------------
     0 | D:1      | BlueFish the Mummy Wizard began the quest for the Orb.
     0 | D:1      | Reached XP level 1. HP: 13/13 MP: 5/5
   407 | D:1      | Reached XP level 2. HP: 12/19 MP: 1/7
   414 | D:1      | Learned a level 2 spell: Blink
   417 | D:1      | Learned a level 2 spell: Call Imp
   420 | D:1      | Learned a level 2 spell: Slow
  1143 | D:1      | Reached XP level 3. HP: 24/24 MP: 0/9
  1148 | D:1      | Learned a level 3 spell: Mephitic Cloud
  1588 | D:2      | Reached skill level 1 in Conjurations
  2636 | D:3      | Noticed Natasha
  2746 | D:3      | Noticed Jessica
  2751 | D:3      | Killed Jessica
  2751 | D:3      | Reached skill level 5 in Spellcasting
  2751 | D:3      | Reached XP level 4. HP: 12/30 MP: 0/11
  2974 | D:3      | Reached skill level 1 in Summonings
  3023 | D:3      | Found a glowing drain.
  3030 | Sewer    | Entered a sewer
  3242 | Sewer    | Reached skill level 1 in Polearms
  3251 | Sewer    | Reached skill level 1 in Translocations
  3620 | Sewer    | Reached XP level 5. HP: 36/36 MP: 7/12
  4175 | Sewer    | Slain by a ball python

Levels and vault maps discovered:
D:1:      dpeg_arrival_pits, layout_loops_ring, minmay_tromino_v2
D:2:      layout_basic, first_ration
D:3:      layout_loops_corners, gup_sewer_entry_bubbles, uniq_natasha,
          uniq_jessica
Sewer:    sewer_frog_island_02

Skill      XL: |  1  2  3  4  5 |
---------------+----------------+-----
Conjurations   | 1 |  1.6
Stealth        | 2 |  2.1
Spellcasting   | 5 |  5.5
Summonings     | 1 |  1.0
Polearms       | 1 |  1.0
Translocations | 1 |  1.0
Dodging        | 2 |  2.2
Fighting       | |  0.4
Short Blades   | |  0.9
Air Magic      | |  0.2
Poison Magic   | |  0.1

Action                   |  1- 3 |  4- 6 || total
-------------------------+-------+-------++-------
Melee: Spear             |    32 |    78 ||   110
       Dagger            |     3 |       ||     3
 Cast: Magic Dart        |    85 |    97 ||   182
       Call Imp          |     3 |     7 ||    10
       Mephitic Cloud    |     2 |     1 ||     3
       Blink             |     2 |       ||     2
  Use: Scroll            |     7 |       ||     7
 Stab: Sleeping          |     1 |     1 ||     2
Armor: Robe              |    10 |    19 ||    29
Dodge: Dodged            |    22 |    63 ||    85

Table legend:
 A = Non-vault XP
 B = Vault XP
 C = Vault XP percentage of total XP
 D = Non-vault monster count
 E = Vault monster count
 F = Vault count percentage of total count
                 A         B        C        D         E       F
            +---------+---------+-------+---------+---------+-------
      Total |      87 |     188 |  68.4 |      41 |      47 |  53.4
            +---------+---------+-------+---------+---------+-------
        D:1 |      35 |       6 |  14.6 |      17 |       2 |  10.5
        D:2 |      40 |       0 |   0.0 |      18 |       0 |   0.0
        D:3 |      12 |      49 |  80.3 |       6 |       7 |  53.8
      Sewer |       0 |     133 | 100.0 |       0 |      38 | 100.0
            +---------+---------+-------+---------+---------+-------
